TOP OF THE 1ST |
Wichita Wranglers batting - Pitching for BlackIron Dragons : LHP Ben Johnson
|
Pitching: LHP Ben Johnson
|
|
Batting: RHB Miguel Monteagudo
|
0-0: Called Strike 0-1: Ball 1-1: Called Strike 1-2: Ball 2-2: Foul Ball, location: 2F 2-2: Foul Ball, location: 2F 2-2: Ball 3-2: Ground out 6-3 (Groundball, 6)
|
Batting: SHB Giancarlo Giannini
|
0-0: Called Strike 0-1: Ball 1-1: Ground out U3 (Groundball, 3S)
|
Batting: RHB Tom Gordon
|
0-0: Ball 1-0: Called Strike 1-1: Ball 2-1: Fly out, F9 (Flyball, 9M)
|
Top of the 1st over - 0 run(s), 0 hit(s), 0 error(s), 0 left on base; Wichita 0 - BlackIron 0 |
BOTTOM OF THE 1ST |
BlackIron Dragons batting - Pitching for Wichita Wranglers : RHP Juan Vázquez
|
Pitching: RHP Juan Vázquez
|
|
Batting: RHB José Colón
|
0-0: Ball 1-0: Called Strike 1-1: Ball 2-1: Fly out, F9 (Flyball, 9M)
|
Batting: RHB Boyd Pittman
|
0-0: Called Strike 0-1: Called Strike 0-2: Strikes out swinging
|
Batting: RHB Gil Palmer
|
0-0: Called Strike 0-1: Foul Ball, location: 2F 0-2: Ball 1-2: Fly out, F7 (Flyball, 7M)
|
Bottom of the 1st over - 0 run(s), 0 hit(s), 0 error(s), 0 left on base; Wichita 0 - BlackIron 0 |
TOP OF THE 2ND |
Wichita Wranglers batting - Pitching for BlackIron Dragons : LHP Ben Johnson
|
Batting: SHB Javier Peña
|
0-0: Ball 1-0: Swinging Strike 1-1: Called Strike 1-2: Foul Ball, location: 2F 1-2: Fly out, F9 (Flyball, 89D)
|
Batting: RHB Ed Watkins
|
0-0: Ball 1-0: Ground out 4-3 (Groundball, 4)
|
Batting: LHB Alfredo Sánchez
|
0-0: Ball 1-0: Ground out 4-3 (Groundball, 4)
|
Top of the 2nd over - 0 run(s), 0 hit(s), 0 error(s), 0 left on base; Wichita 0 - BlackIron 0 |
BOTTOM OF THE 2ND |
BlackIron Dragons batting - Pitching for Wichita Wranglers : RHP Juan Vázquez
|
Batting: LHB Culley Vaughan
|
0-0: Ball 1-0: Called Strike 1-1: Foul Ball, location: 2F 1-2: Ball 2-2: Foul Ball, location: 2F 2-2: Fly out, F4 (Line Drive, 4)
|
Batting: RHB Preston MacLyan
|
0-0: Foul Ball, location: 2F 0-1: Swinging Strike 0-2: Ball 1-2: Ball 2-2: Foul Ball, location: 2F 2-2: Foul Ball, location: 2F 2-2: Foul Ball, location: 2F 2-2: Foul Ball, location: 2F 2-2: Ball 3-2: Foul Ball, location: 2F 3-2: Foul Ball, location: 2F 3-2: Ground out 4-3 (Groundball, 4)
|
Batting: RHB Frank Maxwell
|
0-0: Foul Ball, location: 2F 0-1: Foul Ball, location: 2F 0-2: Ball 1-2: Ball 2-2: Ball 3-2: Foul Ball, location: 2F 3-2: Base on Balls
|
Batting: RHB Mark Arnold
|
0-0: Ball 1-0: Called Strike 1-1: Ball 2-1: Ground out 4-3 (Groundball, 4)
|
Bottom of the 2nd over - 0 run(s), 0 hit(s), 0 error(s), 1 left on base; Wichita 0 - BlackIron 0 |
TOP OF THE 3RD |
Wichita Wranglers batting - Pitching for BlackIron Dragons : LHP Ben Johnson
|
Batting: RHB Werner Watkins
|
0-0: Foul Ball, location: 2F 0-1: Ball 1-1: Fly out, F8 (Flyball, 8RD)
|
Batting: RHB Dave Henderson
|
0-0: Ball 1-0: Foul Ball, location: 2F 1-1: Fly out, F3 (Popup, 3SF)
|
Batting: RHB Ralph Lambert
|
0-0: Called Strike 0-1: Ball 1-1: Ball 2-1: Ball 3-1: Base on Balls
|
Batting: RHB Miguel Monteagudo
|
0-0: Called Strike 0-1: Ball 1-1: Fly out, F8 (Flyball, 8LD)
|
Top of the 3rd over - 0 run(s), 0 hit(s), 0 error(s), 1 left on base; Wichita 0 - BlackIron 0 |
BOTTOM OF THE 3RD |
BlackIron Dragons batting - Pitching for Wichita Wranglers : RHP Juan Vázquez
|
Batting: RHB Doug O'Brien
|
0-0: Foul Ball, location: 2F 0-1: Called Strike 0-2: Ball 1-2: Fly out, F8 (Line Drive, 8LM)
|
Batting: RHB Eugene Payne
|
0-0: Ball 1-0: Foul Ball, location: 2F 1-1: Ball 2-1: Called Strike 2-2: Strikes out swinging
|
Batting: RHB José Colón
|
0-0: Called Strike 0-1: Ball 1-1: Fly out, F9 (Popup, 34D)
|
Bottom of the 3rd over - 0 run(s), 0 hit(s), 0 error(s), 0 left on base; Wichita 0 - BlackIron 0 |
TOP OF THE 4TH |
Wichita Wranglers batting - Pitching for BlackIron Dragons : LHP Ben Johnson
|
Batting: SHB Giancarlo Giannini
|
0-0: Foul Ball, location: 2F 0-1: Ball 1-1: Swinging Strike 1-2: Ball 2-2: Ball 3-2: Strikes out swinging
|
Batting: RHB Tom Gordon
|
0-0: Ball 1-0: Called Strike 1-1: Called Strike 1-2: Foul Ball, location: 2F 1-2: Ball 2-2: Foul Ball, location: 2F 2-2: Strikes out swinging
|
Batting: SHB Javier Peña
|
0-0: Ball 1-0: Ball 2-0: Ball 3-0: Base on Balls
|
Batting: RHB Ed Watkins
|
0-0: Ball 1-0: Ball 2-0: Called Strike 2-1: Ball 3-1: Ground out 1-3 (Groundball, 23)
|
Top of the 4th over - 0 run(s), 0 hit(s), 0 error(s), 1 left on base; Wichita 0 - BlackIron 0 |
BOTTOM OF THE 4TH |
BlackIron Dragons batting - Pitching for Wichita Wranglers : RHP Juan Vázquez
|
Batting: RHB Boyd Pittman
|
0-0: Ball 1-0: Foul Ball, location: 2F 1-1: Foul Ball, location: 2F 1-2: SINGLE (Line Drive, 89S)
|
Batting: RHB Gil Palmer
|
0-0: Ball 1-0: Ball 2-0: Called Strike 2-1: Ball 3-1: Base on Balls Boyd Pittman to second
|
Batting: LHB Culley Vaughan
|
0-0: Grounds into double play, U4-3 (Groundball, 4) Boyd Pittman to third
|
Batting: RHB Preston MacLyan
|
0-0: Foul Ball, location: 2F 0-1: Ball 1-1: Ball 2-1: Swinging Strike 2-2: Ground out 3-1 (Groundball, 34)
|
Bottom of the 4th over - 0 run(s), 1 hit(s), 0 error(s), 1 left on base; Wichita 0 - BlackIron 0 |
TOP OF THE 5TH |
Wichita Wranglers batting - Pitching for BlackIron Dragons : LHP Ben Johnson
|
Batting: LHB Alfredo Sánchez
|
0-0: Foul Ball, location: 2F 0-1: Swinging Strike 0-2: Strikes out swinging
|
Batting: RHB Werner Watkins
|
0-0: Foul Ball, location: 2F 0-1: Ball 1-1: Ball 2-1: Ball 3-1: Foul Ball, location: 2F 3-2: Fly out, F4 (Popup, 4D)
|
Batting: RHB Dave Henderson
|
0-0: SINGLE (Line Drive, 78M)
|
Batting: RHB Ralph Lambert
|
0-0: Ball 1-0: Fly out, F7 (Flyball, 78S)
|
Top of the 5th over - 0 run(s), 1 hit(s), 0 error(s), 1 left on base; Wichita 0 - BlackIron 0 |
BOTTOM OF THE 5TH |
BlackIron Dragons batting - Pitching for Wichita Wranglers : RHP Juan Vázquez
|
Batting: RHB Frank Maxwell
|
0-0: Ball 1-0: Called Strike 1-1: Called Strike 1-2: Strikes out swinging
|
Batting: RHB Mark Arnold
|
0-0: Foul Ball, location: 2F 0-1: Foul Ball, location: 2F 0-2: Ball 1-2: Strikes out swinging
|
Batting: RHB Doug O'Brien
|
0-0: Called Strike 0-1: Ball 1-1: Called Strike 1-2: Reached on error, E6 (Groundball, 6M)
|
Batting: RHB Eugene Payne
|
0-0: Called Strike 0-1: Ball 1-1: SINGLE (Line Drive, 3L) Doug O'Brien to third
|
Batting: RHB José Colón
|
0-0: Ball 1-0: SINGLE (Groundball, 25) (infield hit) Doug O'Brien scores Eugene Payne to second
|
Batting: RHB Boyd Pittman
|
0-0: Called Strike 0-1: Ball 1-1: Foul Ball, location: 2F 1-2: Ball 2-2: Strikes out swinging
|
Bottom of the 5th over - 1 run(s), 2 hit(s), 1 error(s), 2 left on base; Wichita 0 - BlackIron 1 |
TOP OF THE 6TH |
Wichita Wranglers batting - Pitching for BlackIron Dragons : LHP Ben Johnson
|
Batting: RHB Miguel Monteagudo
|
0-0: DOUBLE (Groundball, 5L)
|
Batting: SHB Giancarlo Giannini
|
0-0: Ball 1-0: Ball 2-0: Foul Ball, location: 2F 2-1: Foul Ball, location: 2F 2-2: Hit by Pitch
|
Batting: RHB Tom Gordon
|
0-0: Called Strike 0-1: Swinging Strike 0-2: Strikes out swinging
|
Batting: SHB Javier Peña
|
0-0: Called Strike Miguel Monteagudo steals 3rd base Giancarlo Giannini to second 0-1: Foul Ball, location: 2F 0-2: Foul Ball, location: 2F 0-2: Ground out 6-3 (Groundball, 6)
|
Batting: RHB Ed Watkins
|
0-0: Ball 1-0: Swinging Strike Passed Ball! Miguel Monteagudo scores Giancarlo Giannini to third 1-1: Called Strike 1-2: SINGLE (Groundball, 5D) Giancarlo Giannini scores
|
Batting: LHB Alfredo Sánchez
|
0-0: Ball Passed Ball! Ed Watkins to second 1-0: Foul Ball, location: 2F 1-1: Ball 2-1: Foul Ball, location: 2F 2-2: Ball 3-2: Base on Balls
|
Pitching: RHP Ken Burris
|
|
Batting: RHB Werner Watkins
|
0-0: Called Strike 0-1: Fly out, F7 (Flyball, 78D)
|
Top of the 6th over - 2 run(s), 2 hit(s), 0 error(s), 2 left on base; Wichita 2 - BlackIron 1 |
BOTTOM OF THE 6TH |
BlackIron Dragons batting - Pitching for Wichita Wranglers : RHP Juan Vázquez
|
Pitching: LHP Fred Villa
|
|
Batting: RHB Gil Palmer
|
0-0: Ball 1-0: Ball 2-0: Called Strike 2-1: Foul Ball, location: 2F 2-2: Foul Ball, location: 2F 2-2: Foul Ball, location: 2F 2-2: DOUBLE (Flyball, 7LD)
|
Batting: LHB Culley Vaughan
|
0-0: Ball 1-0: Ball 2-0: Fly out, F9 (Flyball, 9LM)
|
Batting: RHB Preston MacLyan
|
0-0: Called Strike 0-1: Ball 1-1: Fly out, F8 (Flyball, 8RM)
|
Batting: RHB Frank Maxwell
|
0-0: Ball 1-0: Foul Ball, location: 2F 1-1: Swinging Strike 1-2: Strikes out looking
|
Bottom of the 6th over - 0 run(s), 1 hit(s), 0 error(s), 1 left on base; Wichita 2 - BlackIron 1 |
TOP OF THE 7TH |
Wichita Wranglers batting - Pitching for BlackIron Dragons : RHP Ken Burris
|
Batting: RHB Dave Henderson
|
0-0: Fly out, F6 (Line Drive, 6)
|
Batting: RHB Ralph Lambert
|
0-0: Ball 1-0: Called Strike 1-1: Swinging Strike 1-2: Ball 2-2: Strikes out swinging
|
Batting: RHB Miguel Monteagudo
|
0-0: Ball 1-0: Called Strike 1-1: Foul Ball, location: 2F 1-2: Strikes out swinging
|
Top of the 7th over - 0 run(s), 0 hit(s), 0 error(s), 0 left on base; Wichita 2 - BlackIron 1 |
BOTTOM OF THE 7TH |
BlackIron Dragons batting - Pitching for Wichita Wranglers : LHP Fred Villa
|
Batting: RHB Mark Arnold
|
0-0: Ball 1-0: Ball 2-0: Ball 3-0: Called Strike 3-1: Base on Balls
|
Batting: RHB Doug O'Brien
|
0-0: Ball 1-0: Foul Ball, location: 2F 1-1: Ball 2-1: Ball 3-1: Bunted foul 3-2: Strikes out swinging
|
Batting: RHB Eugene Payne
|
0-0: Ball 1-0: Foul Ball, location: 2F 1-1: Called Strike 1-2: Strikes out swinging
|
Batting: RHB José Colón
|
0-0: Ball 1-0: Ball 2-0: Foul Ball, location: 2F 2-1: Foul Ball, location: 2F 2-2: Foul Ball, location: 2F 2-2: Ball 3-2: Foul Ball, location: 2F 3-2: Foul Ball, location: 2F 3-2: Ground out 5-3 (Groundball, 56S)
|
Bottom of the 7th over - 0 run(s), 0 hit(s), 0 error(s), 1 left on base; Wichita 2 - BlackIron 1 |
TOP OF THE 8TH |
Wichita Wranglers batting - Pitching for BlackIron Dragons : RHP Ken Burris
|
Batting: SHB Giancarlo Giannini
|
0-0: Ground out 6-3 (Groundball, 6)
|
Now at SS: Orlando Cintrón
|
|
Batting: RHB Tom Gordon
|
0-0: Ball 1-0: Foul Ball, location: 2F 1-1: Ball 2-1: Foul Ball, location: 2F 2-2: Strikes out looking
|
Batting: SHB Javier Peña
|
0-0: Ball 1-0: Foul Ball, location: 2F 1-1: Fly out, F9 (Flyball, 9D)
|
Top of the 8th over - 0 run(s), 0 hit(s), 0 error(s), 0 left on base; Wichita 2 - BlackIron 1 |
BOTTOM OF THE 8TH |
BlackIron Dragons batting - Pitching for Wichita Wranglers : LHP Fred Villa
|
Pitching: LHP John Livingston
|
|
Batting: RHB Orlando Cintrón
|
0-0: Fly out, F9 (Flyball, 9LM)
|
Batting: RHB Gil Palmer
|
0-0: Called Strike 0-1: Ball 1-1: Foul Ball, location: 2F 1-2: Ball 2-2: Ball 3-2: Base on Balls
|
Batting: LHB Culley Vaughan
|
0-0: Ball 1-0: Ball 2-0: Called Strike 2-1: Swinging Strike 2-2: Foul Ball, location: 2F 2-2: Ball 3-2: Base on Balls Gil Palmer to second
|
Batting: RHB Preston MacLyan
|
0-0: Foul Ball, location: 2F 0-1: Called Strike 0-2: Strikes out looking
|
Batting: RHB Frank Maxwell
|
0-0: Ball 1-0: Foul Ball, location: 2F 1-1: Swinging Strike 1-2: Ball 2-2: Ball 3-2: Strikes out swinging
|
Bottom of the 8th over - 0 run(s), 0 hit(s), 0 error(s), 2 left on base; Wichita 2 - BlackIron 1 |
TOP OF THE 9TH |
Wichita Wranglers batting - Pitching for BlackIron Dragons : RHP Ken Burris
|
Batting: RHB Ed Watkins
|
0-0: Ground out 6-3 (Groundball, 6M)
|
Batting: LHB Alfredo Sánchez
|
0-0: Ball 1-0: Called Strike 1-1: Ball 2-1: Ball 3-1: Base on Balls
|
Pinch Hitting: LHB Aurelio Torrez
|
0-0: Called Strike 0-1: Ball 1-1: Foul Ball, location: 2F 1-2: Strikes out swinging
|
Pinch Hitting: LHB José Hernández
|
0-0: SINGLE (Groundball, 4MD) Alfredo Sánchez to second
|
Batting: RHB Ralph Lambert
|
0-0: Foul Ball, location: 2F 0-1: Ball 1-1: SINGLE (Line Drive, 8RS) Alfredo Sánchez to third José Hernández to second Runner from 3rd tries for Home, SAFE, no throw or cutoff
|
Batting: RHB Miguel Monteagudo
|
0-0: Ball Reached via error on a dropped throw, E3 José Hernández to third Ralph Lambert to second
|
Batting: SHB Giancarlo Giannini
|
0-0: Ball 1-0: Ball 2-0: Ground out 1-3 (Groundball, 15)
|
Top of the 9th over - 1 run(s), 2 hit(s), 1 error(s), 3 left on base; Wichita 3 - BlackIron 1 |
BOTTOM OF THE 9TH |
BlackIron Dragons batting - Pitching for Wichita Wranglers : LHP John Livingston
|
Now at 2B: Lewis Woods
|
|
Now in LF: Aurelio Torrez
|
|
Batting: RHB Mark Arnold
|
0-0: Ball 1-0: Called Strike 1-1: Ball 2-1: Ground out 5-3 (Groundball, 5L)
|
Batting: RHB Doug O'Brien
|
0-0: Ball 1-0: Ball 2-0: SINGLE (Line Drive, 7LM)
|
Batting: RHB Eugene Payne
|
0-0: Fly out, F8 (Flyball, 8LXD)
|
Batting: RHB José Colón
|
0-0: Swinging Strike 0-1: Ball 1-1: Foul Ball, location: 2F 1-2: Strikes out swinging
|
Bottom of the 9th over - 0 run(s), 1 hit(s), 0 error(s), 1 left on base; Wichita 3 - BlackIron 1 |
|